AoeStats
← Soldier

Arabia

510121659Analyzed
1v1 RM · 3d ago on Sep 29, 2026· 29m 49s· 2 players
Game mode
Random Map
Map size
Tiny (2 player)
Population
200
Speed
Normal
Resources
Standard
Victory
Conquest
Starting age
Dark Age
Ending age
Imperial Age
RankedLock teamsTeams togetherTeam positionsShared explorationLock speedFull tech treeHidden civsTurbo modeCheats
Victory
Defeat
🇮🇳 Bulgarians · India
761
+16
🇺🇸 Saxons · United States
758
-16
gingerman52
9:50 Feudal Age
10:36 Double-Bit Axe
17:21 Horse Collar
26:05 Castle Age
23:56 Gold Mining
24:54 Fletching
26:57 Crossbowman
27:42 Thumb Ring
27:55 Bow Saw
27:51 Heavy Plow
Soldier
8:07 Loom
11:15 Feudal Age
13:36 Wheelbarrow
14:09 Arson
17:37 Scale Mail Armor
17:47 Forging
24:05 Castle Age
25:57 Town Watch
26:24 Stone Mining
26:44 Fletching
27:31 Iron Casting
26:43 Gambesons
27:07 Squires
27:48 Town Patrol
29:22 Hand Cart
Connection lost

Rejoining the realm…

Still unreachable

The connection could not be restored.

Session expired

The server has moved on; the page needs a fresh start.